 Dungeon Crawl Stone Soup version 0.26-a0-264-g3a471323bd (webtiles) character file.

Game seed: 9741822180203994629

13872 BritishOli the Slicer (level 11, -1/85 HPs)
             Began as a Demonspawn Fighter on July 11, 2020.
             Was the Champion of Okawaru.
             Killed from afar by a tengu reaver (22 damage)
             ... with a bolt of magma
             ... on level 10 of the Dungeon.
             The game lasted 00:34:38 (13037 turns).

BritishOli the Slicer (Demonspawn Fighter)         Turns: 13037, Time: 00:34:38

Health: -1/85      AC: 26    Str: 24    XL:     11   Next: 81%
Magic:  10/11      EV: 12    Int:  9    God:    Okawaru [******]
Gold:   1437       SH: 13    Dex: 12    Spells: 10/10 levels left

rFire    + + +     SeeInvis +   J - +8 long sword (vorpal)
rCold    . . .     Faith    +   c - +0 kite shield
rNeg     . . .     Spirit   .   I - +0 fire dragon scales
rPois    +         Reflect  .   T - +1 helmet {SInv}
rElec    .         Harm     .   H - scarf {rC+ rF+}
rCorr    .                      R - +2 pair of gloves {Str+3}
MR       .....                  (boots unavailable)
Stlth    +.........             x - amulet of faith
HPRegen  0.24/turn              G - ring of poison resistance
MPRegen  0.12/turn              q - +4 ring of protection

@: mighty, heroism, studying Short Blades
A: talons 3, yellow scales 2, powered by death 2, rot immunity
a: Heroism, Finesse, Renounce Religion


You were on level 10 of the Dungeon.
You worshipped Okawaru.
Okawaru was exalted by your worship.
You were full.

You visited 1 branch of the dungeon, and saw 12 of its levels.
You also visited: Bailey.

You collected 1437 gold pieces.

Inventory:

Hand Weapons
 g - a +0 great sword of holy wrath
 w - the +3 great mace "Kyisin" {vorpal, Dex+2, unknown}
   (You found it on level 5 of the Dungeon)

   It inflicts extra damage upon your enemies.
   It affects your dexterity (+2).
 A - a +5 scimitar of freezing
 J - a +8 vorpal long sword (weapon)
 N - a +0 demon blade of electrocution
Missiles
 z - 27 boomerangs (quivered)
Armour
 c - a +0 kite shield (worn)
 y - a scarf of invisibility
 E - +0 steam dragon scales
 H - a scarf of resistance (worn)
 I - +0 fire dragon scales (worn)
 R - a +2 pair of gloves of strength (worn)
 T - a +1 helmet of see invisible (worn)
Jewellery
 a - an uncursed ring of protection from fire
 o - an uncursed ring of wizardry
 q - a +4 ring of protection (right hand)
 x - an amulet of faith (around neck)
 G - a ring of poison resistance (left hand)
 L - an uncursed ring of positive energy
Wands
 v - a wand of random effects (19)
 B - a wand of digging (5)
Scrolls
 b - 2 scrolls of fog
 i - 3 scrolls of amnesia
 k - 2 scrolls of enchant weapon
 l - 4 scrolls of remove curse
 M - 2 scrolls of enchant armour
 O - a scroll of teleportation
Potions
 d - a potion of might
 e - 2 potions of curing
 j - a potion of haste
 m - a potion of cancellation {unknown}
 n - a potion of ambrosia {unknown}
 p - 3 potions of lignification
 r - a potion of brilliance {unknown}
 s - a potion of flight {unknown}
 t - a potion of invisibility {unknown}
 u - 2 potions of degeneration
 C - 3 potions of stabbing
 D - a potion of resistance {unknown}
 F - 2 potions of berserk rage
 P - a potion of heal wounds {unknown}
 Q - a potion of magic {unknown}
 U - a potion of experience {unknown}
Books
 h - a manual of Short Blades
Miscellaneous
 S - a phial of floods
Comestibles
 f - 24 rations


   Skills:
 - Level 7.7(12.7) Fighting
 * Level 10.4(16.9) Short Blades
 - Level 9.5(16.4) Long Blades
 - Level 9.7(14.7) Armour
 - Level 7.1(12.1) Shields


You had 10 spell levels left.
You didn't know any spells.
Your spell library was empty.

Dungeon Overview and Level Annotations

Branches:
Dungeon (12/15)            Temple (0/1) D:4          Bailey (visited)
   Lair: D:8-11         Orc: D:9-12

Altars:
Ashenzari
Cheibriados
Dithmenos
Hepliaklqana
Kikubaaqudgha
Makhleb
Okawaru
Ru
Trog
Vehumet
Xom
Zin

Shops:
D:4 [

Portals:
Trove: D:12 (give 6 potions of haste)


Innate Abilities, Weirdness & Mutations

You have claws for feet.
You are mostly covered in yellow scales. (AC +3)
You regenerate health from kills.
You are immune to rotting.


Message History

The tengu reaver pecks you but does no damage.
The tengu reaver claws you but does no damage.
You fail to use your ability.
You hit the tengu reaver. You claw the tengu reaver.
The tengu reaver is moderately wounded.
You block the tengu reaver's attack.
The tengu reaver pecks you but does no damage.
The tengu reaver claws you.
* * * LOW HITPOINT WARNING * * *
You feel very mighty all of a sudden.
The tengu reaver hits you but does no damage.
The tengu reaver pecks you but does no damage.
The tengu reaver completely misses you.
You slice the tengu reaver!! You claw the tengu reaver!
The tengu reaver is severely wounded.
You slice the tengu reaver!! Your kick misses the tengu reaver.
The tengu reaver is almost dead.
The tengu reaver casts a spell at you. The bolt of magma hits you!!
You partially resist.
You die...

#....#.##.#.....#......## #
#.......#..............####
##...........##..........[##
##............##.#....#..####
##...............#...#.#..#
##...##.......####....##.#.#
###...####[.....###...##.#####
#....## ##....Q*....#####
....## ##....@....# ...##
#........## ...## #........#
....# ##.......# ....#
##.....## #...# #.....# ##..#
##....# #..# ##...# #..# #...#


You could see a tengu reaver and a battlesphere.

Vanquished Creatures
  An orc warlord (Bailey)
  Snorg (D:10)
  A tengu warrior (D:11)
  An unseen horror (D:10)
  A wizard (D:7)
  A deep troll (D:11)
  A cyclops (D:11)
  A centaur zombie (D:10)
  Maurice (D:9)
  A gargoyle (D:10)
  Maggie (D:7)
  A kobold demonologist (D:11)
  2 trolls
  Grinder (D:6)
  2 hippogriffs
  Sigmund (D:6)
  Eustachio (D:6)
  A steam dragon (D:7)
  Menkaure (D:5)
  A porcupine (D:7)
  4 orc warriors
  An eye of draining (D:10)
  A sky beast (D:11)
  A black bear (D:6)
  3 ice beasts
  3 phantoms
  6 ogres
  10 centaurs
  A crocodile (D:9)
  A big kobold (D:7)
  8 bullfrogs
  A scorpion (D:9)
  14 killer bees
  21 wights
  8 howler monkeys
  4 bullfrog zombies
  A quasit (D:10)
  3 hounds
  Crazy Yiuf (D:5)
  A bullfrog skeleton (D:7)
  2 orc priests
  3 jellies
  8 orc wizards
  Ijyb (D:4)
  3 iguanas
  5 worker ants
  A hound zombie (D:11)
  A hound skeleton (D:5)
  A worker ant zombie (D:10)
  A gnoll (Bailey)
  A river rat (D:8)
  16 adders
  6 white imps
  7 ufetubi
  An ooze (D:3)
  6 worms
  2 dart slugs
  4 leopard geckos
  32 orcs
  2 ball pythons
  4 bats
  5 giant cockroaches
  19 goblins
  13 hobgoblins
  14 jackals
  28 kobolds
  9 quokkas
  4 frilled lizards
  A leopard gecko skeleton (D:5)
  A quokka skeleton (D:4)
  A quokka zombie (D:5)
  11 rats
  2 rat zombies (D:3)
330 creatures vanquished.

Notes
Turn   | Place    | Note
-------+----------+-------------------------------------------
     0 | D:1      | BritishOli the Demonspawn Fighter began the quest for the
                  | Orb.
     0 | D:1      | Reached XP level 1. HP: 18/18 MP: 1/1
   182 | D:1      | Gained mutation: You regenerate a little health from kills.
                  | [demonic ancestry]
   182 | D:1      | Reached XP level 2. HP: 24/24 MP: 2/2
   831 | D:1      | Gained mutation: You are partially covered in yellow
                  | scales. (AC +2) [demonic ancestry]
   831 | D:1      | Reached XP level 3. HP: 29/29 MP: 3/3
  1164 | D:2      | Found a shattered altar of Ashenzari.
  1321 | D:2      | Found a radiant altar of Vehumet.
  1394 | D:2      | Reached XP level 4. HP: 34/35 MP: 4/4
  1402 | D:2      | Found a hazy altar of Hepliaklqana.
  1407 | D:2      | Found a bloodstained altar of Trog.
  1729 | D:2      | Found a sacrificial altar of Ru.
  1729 | D:2      | Found an iron altar of Okawaru.
  1737 | D:2      | Became a worshipper of Warmaster Okawaru
  2245 | D:3      | Gained mutation: You have sharp toenails. [demonic
                  | ancestry]
  2245 | D:3      | Reached XP level 5. HP: 38/41 MP: 5/5
  2501 | D:3      | Found an ancient bone altar of Kikubaaqudgha.
  2927 | D:4      | Noticed a phantom
  2946 | D:4      | Killed a phantom
  2946 | D:4      | Reached * piety under Okawaru
  2946 | D:4      | Reached XP level 6. HP: 44/48 MP: 6/6
  2966 | D:4      | Noticed Ijyb
  2991 | D:4      | Killed Ijyb
  3174 | D:4      | Found a staircase to the Ecumenical Temple.
  3347 | D:4      | You fall into a shaft and drop 2 floors!
  3348 | D:6      | Noticed Grinder
  3350 | D:6      | Paralysed by Grinder for 2 turns
  3509 | D:5      | Entered Level 5 of the Dungeon
  3516 | D:5      | Found a burning altar of Makhleb.
  3519 | D:5      | Noticed Menkaure
  3520 | D:5      | Noticed a green death
  3521 | D:5      | Found a glowing silver altar of Zin.
  3521 | D:5      | Noticed an angel
  3812 | D:5      | Gained mutation: You have razor-sharp toenails. [demonic
                  | ancestry]
  3812 | D:5      | Reached XP level 7. HP: 48/54 MP: 7/7
  3902 | D:5      | Got a polished great mace
  3978 | D:5      | Reached ** piety under Okawaru
  4317 | D:5      | Killed Menkaure
  4317 | D:5      | Reached skill level 5 in Armour
  4539 | D:5      | Found a runed translucent door.
  4540 | D:5      | Noticed Crazy Yiuf
  4665 | D:5      | Killed Crazy Yiuf
  5027 | D:6      | Reached skill level 5 in Long Blades
  5143 | D:6      | Noticed Eustachio
  5153 | D:6      | Killed Eustachio
  5153 | D:6      | Reached *** piety under Okawaru
  5153 | D:6      | Gained mutation: You regenerate health from kills. [demonic
                  | ancestry]
  5153 | D:6      | Reached XP level 8. HP: 61/61 MP: 8/8
  5200 | D:4      | Found Mafov's Antique Armour Boutique.
  5730 | D:6      | Killed Grinder
  5730 | D:6      | Reached skill level 5 in Fighting
  5970 | D:6      | Noticed Sigmund
  5984 | D:6      | Killed Sigmund
  6297 | D:7      | Reached **** piety under Okawaru
  6297 | D:7      | Reached skill level 5 in Shields
  6690 | D:7      | Noticed a wizard
  6706 | D:6      | Gained mutation: You have claws for feet. [demonic
                  | ancestry]
  6706 | D:6      | Reached XP level 9. HP: 68/68 MP: 9/9
  6878 | D:7      | Noticed Maggie
  6891 | D:7      | Killed Maggie
  6892 | D:7      | Found a shimmering altar of Xom.
  7118 | D:7      | Found a snail-covered altar of Cheibriados.
  7154 | D:7      | Killed a wizard
  7154 | D:7      | Reached ***** piety under Okawaru
  7652 | D:8      | Noticed a death yak
  7653 | D:8      | Noticed a death yak
  7666 | D:8      | Noticed a death yak
  7895 | D:8      | Found a shadowy altar of Dithmenos.
  8045 | D:7      | HP: 3/70 [porcupine (9)]
  8052 | D:7      | HP: 2/70 [ogre/+0 giant club (7)]
  8066 | D:7      | HP: 1/71 [phantom (6)]
  8520 | D:8      | Gained mutation: You are immune to rotting. [demonic
                  | ancestry]
  8520 | D:8      | Reached XP level 10. HP: 76/77 MP: 10/10
  9099 | D:9      | Received a gift from Okawaru
  9099 | D:9      | Reached skill level 1 in Short Blades
  9505 | D:9      | Reached skill level 2 in Short Blades
  9516 | D:9      | Noticed Maurice
  9524 | D:9      | Killed Maurice
 10426 | D:10     | Entered Level 10 of the Dungeon
 10482 | D:10     | Reached skill level 3 in Short Blades
 10505 | D:10     | Noticed a gargoyle
 10517 | D:10     | Killed a gargoyle
 10527 | D:10     | Noticed Snorg
 10750 | D:10     | Received a gift from Okawaru
 11035 | D:10     | Killed an unseen horror
 11035 | D:10     | Reached ****** piety under Okawaru
 11035 | D:10     | Reached skill level 4 in Short Blades
 11035 | D:10     | Gained mutation: You are mostly covered in yellow scales.
                  | (AC +3) [demonic ancestry]
 11035 | D:10     | Reached XP level 11. HP: 84/84 MP: 11/11
 11527 | D:10     | Killed Snorg
 11527 | D:10     | Received a gift from Okawaru
 11914 | D:10     | Noticed a two-headed ogre
 12230 | D:11     | You fall into a shaft and drop 1 floor!
 12230 | D:12     | Found a portal to a secret trove of treasure.
 12253 | D:11     | Reached skill level 5 in Short Blades
 12265 | D:11     | Noticed a tengu warrior
 12302 | D:11     | Identified a scroll of acquirement
 12302 | D:11     | Acquired 1020 gold pieces
 12311 | D:11     | Killed a tengu warrior
 12311 | D:11     | Reached skill level 6 in Short Blades
 12346 | D:11     | Noticed a deep troll
 12355 | D:11     | Reached skill level 7 in Short Blades
 12359 | D:11     | Killed a deep troll
 12417 | D:11     | Found a flagged portal.
 12424 | Bailey   | Entered a bailey
 12454 | Bailey   | Reached skill level 8 in Short Blades
 12455 | Bailey   | Noticed an orc warlord
 12545 | Bailey   | Found a runed translucent gate.
 12547 | Bailey   | Found a runed translucent gate.
 12575 | Bailey   | Found a runed translucent gate.
 12767 | Bailey   | Killed an orc warlord
 12767 | Bailey   | Received a gift from Okawaru
 12767 | Bailey   | Reached skill level 9 in Short Blades
 12799 | Bailey   | Acquired a +1 helmet of see invisible
 12848 | D:11     | Reached skill level 10 in Short Blades
 12851 | D:11     | Received a gift from Okawaru
 13008 | D:11     | Identified the +9 great sword of Invincibility {freeze,
                  | rPois rN+ Dex+4}
 13008 | D:11     | Noticed a tengu reaver
 13037 | D:10     | Killed from afar by a tengu reaver

Illustrated notes

Levels and vault maps discovered:
D:1:      dpeg_arrival_pits, layout_loops_cross, minivault_4,
          minmay_crystal_room
D:2:      layout_basic, overflow_temple_1_default, minitemple,
          fiery_altar_vehumet, serial_corexii_hall,
          chequers_hall_statues_wall_a, chequers_hall_statues_y, minivault_25
D:3:      layout_loops_ring, lemuel_zombie_altar_kikubaaqudgha,
          cheibrodos_sewer_entry_bend, st_stairs_11
D:4:      layout_gridville, minmay_temple_entry_glass, serial_shops, shop,
          first_ration, uniq_ijyb
D:5:      layout_basic, grunt_temple_overflow_order_and_chaos_2,
          minmay_manual_mail, uniq_crazy_yiuf_cottage, uniq_menkaure
D:6:      layout_loops_ring, uniq_grinder, uniq_eustachio, uniq_sigmund
D:7:      cheibrodos_wizards_tower, layout_loops_corners, kennysheep_mini,
          basic_altar, chequers_serial_rivers_micro_d, uniq_maggie
D:8:      layout_loops_cross, grunt_dithmenos_shadows, dpeg_lair_monsters
D:9:      layout_grid_maze, uniq_maurice
D:10:     layout_layer_cave, uniq_snorg
D:11:     minmay_the_grid_plus [minmay_the_grid_mess, minmay_the_grid_slots,
          minmay_the_grid_minigrid_small_alt, minmay_the_grid_zigzag_pyramid,
          minmay_the_grid_prize_diamond_cup], layout_cave_pools, enter_bailey_3,
          grunt_tengu_nest, lightli_airlock
D:12:     layout_loops_ring, orc_0_dummy, nicolae_trove_entry_crystal,
          basic_altar, lemuel_flame_loot_1

Skill      XL: |  1  2  3  4  5  6  7  8  9 10 11 |
---------------+----------------------------------+-----
Long Blades    | 2 3 4 5 6 7 9 |  9.5
Armour         | 3 4 5 6 8 9 |  9.7
Shields        | 3 4 5 6 7 |  7.1
Fighting       | 4 5 6 7 |  7.7
Short Blades   | 4 10 | 10.4

Action                   |  1- 3 |  4- 6 |  7- 9 | 10-12 || total
-------------------------+-------+-------+-------+-------++-------
Melee: Long sword        |   147 |   234 |   329 |   370 ||  1080
       Kick              |       |    42 |   104 |   132 ||   278
       Falchion          |       |       |       |    37 ||    37
Throw: Javelin           |       |       |     4 |    10 ||    14
       Boomerang         |       |       |       |    11 ||    11
Invok: Heroism           |       |       |     1 |     5 ||     6
Evoke: Wand              |       |       |    26 |     3 ||    29
  Use: Scroll            |       |     5 |     3 |    11 ||    19
       Potion            |       |       |     2 |     2 ||     4
 Stab: Paralysed         |       |       |    22 |     3 ||    25
  Eat: Ration            |     1 |     2 |     4 |     5 ||    12
Armor: Scale mail        |    81 |   158 |   101 |       ||   340
       Steam dragon scal |       |       |    60 |    19 ||    79
       Fire dragon scale |       |       |       |   269 ||   269
Dodge: Dodged            |    37 |    98 |   121 |   144 ||   400
Block: Kite shield       |    67 |   122 |   194 |   234 ||   617
       Rpst.: Long sword |    13 |    21 |    38 |    22 ||    94
       Falchion          |       |       |       |     4 ||     4

Table legend:
 A = Non-vault XP
 B = Vault XP
 C = Vault XP percentage of total XP
 D = Non-vault monster count
 E = Vault monster count
 F = Vault count percentage of total count
                 A         B        C        D         E       F
            +---------+---------+-------+---------+---------+-------
      Total |   11501 |    8317 |  42.0 |     268 |      62 |  18.8
            +---------+---------+-------+---------+---------+-------
        D:1 |      44 |       0 |   0.0 |      23 |       0 |   0.0
        D:2 |      79 |       0 |   0.0 |      25 |       0 |   0.0
        D:3 |     160 |      15 |   8.6 |      32 |       6 |  15.8
        D:4 |     215 |      38 |  15.0 |       9 |       1 |  10.0
        D:5 |     164 |     354 |  68.3 |      12 |       5 |  29.4
        D:6 |     665 |     706 |  51.5 |      17 |       3 |  15.0
        D:7 |    1518 |    1213 |  44.4 |      43 |       3 |   6.5
        D:8 |     440 |     139 |  24.0 |      11 |       5 |  31.2
        D:9 |    2090 |     445 |  17.6 |      37 |       1 |   2.6
       D:10 |    3441 |    1162 |  25.2 |      32 |       1 |   3.0
       D:11 |    2685 |    2075 |  43.6 |      27 |      10 |  27.0
     Bailey |       0 |    2170 | 100.0 |       0 |      27 | 100.0
            +---------+---------+-------+---------+---------+-------
